[Event "Titled Tuesday Blitz February 21 Late 2023"]
[White "Zhang, Alan"]
[Black "Figorito, Nick"]
[WhiteFideId "30936870"]
[BlackFideId "30923689"]
[WhiteElo "2001"]
[BlackElo "2036"]
[Result "1-0"]
[Round "08"]
[TimeControl "180+2"]
[Date "2023.02.21"]
[WhiteClock "0:00:33"]
[BlackClock "0:01:16"]

1. e4 e6 2. d4 d5 3. Nc3 Bb4 4. e5 c5 5. a3 Bxc3+ 6. bxc3 Ne7 7. Nf3 b6 8. a4 Ba6 9. Bd3 Bxd3 10. Qxd3 Nd7 11. Ba3 O-O 12. Ng5 Nf5 13. h4 c4 14. Qf3 Re8 15. Qh5 Nh6 16. f4 Nf8 17. Ke2 Ng6 18. Kf3 f6 19. g4 Rf8 20. Nxe6 Qd7 21. Nxf8 Nxf8 22. exf6 Re8 23. Rhe1 Re4 24. fxg7 Qxg7 25. Qxd5+ Re6 26. g5 Kh8 27. Rxe6 Nxe6 28. Qxe6 Ng8 29. Re1 Qb7+ 30. Kg3 1-0


[Site "https://www.chess.com"]

[Event "Titled Tuesday Blitz February 21 Late 2023"]
[White "Jovic, Stanoje"]
[Black "Sailer, Mike"]
[WhiteFideId "905020"]
[BlackFideId "2012901"]
[WhiteElo "2075"]
[BlackElo "2109"]
[Result "1-0"]
[Round "08"]
[TimeControl "180+2"]
[Date "2023.02.21"]
[WhiteClock "0:00:26"]
[BlackClock "0:00:03"]

1. c4 g6 2. g3 Bg7 3. Bg2 d6 4. Nc3 Nd7 5. Nf3 e5 6. O-O Ne7 7. Rb1 a5 8. a3 O-O 9. b4 axb4 10. axb4 f5 11. Qc2 Nf6 12. d3 h6 13. Bd2 g5 14. Ra1 Rxa1 15. Rxa1 f4 16. Ra8 Nf5 17. Nd5 Nxd5 18. cxd5 fxg3 19. hxg3 g4 20. Ne1 Nd4 21. Qd1 Qf6 22. Be3 Nf5 23. Bc1 h5 24. e4 Nd4 25. Be3 h4 26. Rxc8 Rxc8 27. Qxg4 Rf8 28. gxh4 Kf7 29. Bg5 Qg6 30. Nf3 Nxf3+ 31. Bxf3 Kg8 32. h5 Qf7 33. Kg2 Kh7 34. Be3 Bh6 35. Bxh6 Kxh6 36. Qe6+ Qxe6 37. dxe6 Kg5 38. Kg3 Kf6 39. Bg4 c5 40. b5 Ra8 41. Bf5 Ra3 42. h6 Rxd3+ 43. Kg2 Ra3 44. h7 Ra8 45. Kf3 Rh8 46. Ke2 b6 47. Kd3 Ke7 48. Kc4 Rf8 49. Kd5 Rc8 50. Kc4 Rf8 51. f3 Rc8 52. Bg6 Kxe6 53. Bf5+ Kf7 54. Bxc8 Kg7 55. Bf5 1-0


[Site "https://www.chess.com"]

[Event "Titled Tuesday Blitz February 21 Late 2023"]
[White "Gatterer, Florian"]
[Black "Winkels, Marcel"]
[WhiteFideId "811688"]
[BlackFideId "1003887"]
[WhiteElo "2170"]
[BlackElo "1960"]
[Result "1/2-1/2"]
[Round "08"]
[TimeControl "180+2"]
[Date "2023.02.21"]
[WhiteClock "0:00:27"]
[BlackClock "0:00:37"]

1. Nf3 Nf6 2. g3 g6 3. b3 Bg7 4. Bb2 c5 5. c4 O-O 6. Bg2 Nc6 7. O-O d5 8. cxd5 Nxd5 9. Bxg7 Kxg7 10. Qc1 b6 11. Nc3 e5 12. Nxd5 Qxd5 13. Nxe5 Qxe5 14. Bxc6 Rb8 15. Qc3 Qxc3 16. dxc3 Bg4 17. f3 Rbc8 18. Bd5 Bh3 19. Rfe1 Rfe8 20. Kf2 h5 21. Rad1 Rcd8 22. e4 Kf6 23. Bc6 Rf8 24. Ke3 Ke7 25. Rg1 Be6 26. c4 Rd6 27. Rxd6 Kxd6 28. Bd5 Bxd5 29. cxd5 g5 30. Rd1 f6 31. f4 gxf4+ 32. gxf4 Rg8 33. Kf3 Rg4 34. h3 Rg7 35. a4 a6 36. Rd2 Rg1 37. e5+ fxe5 38. fxe5+ Kxe5 39. d6 Rg8 40. d7 Rd8 41. Kg3 Ke6 42. Kh4 Rxd7 43. Rxd7 Kxd7 44. Kxh5 b5 45. axb5 axb5 46. Kg4 c4 47. bxc4 bxc4 48. Kf3 Ke6 49. Ke3 Kf5 50. Kd4 Kg5 51. Kxc4 Kh4 52. Kc3 Kxh3 1/2-1/2


[Site "https://www.chess.com"]

[Event "Titled Tuesday Blitz February 21 Late 2023"]
[White "Manu_ChessExcelsior"]
[Black "Lerch, Philipp"]
[BlackFideId "4654129"]
[WhiteElo "2095"]
[BlackElo "2305"]
[Result "1-0"]
[Round "08"]
[TimeControl "180+2"]
[Date "2023.02.21"]
[WhiteClock "0:00:29"]
[BlackClock "0:00:30"]

1. e4 c5 2. g3 d5 3. exd5 Qxd5 4. Nf3 e5 5. Nc3 Qe6 6. d3 Nc6 7. Bg2 h6 8. O-O Nf6 9. Re1 Be7 10. Nxe5 Nxe5 11. f4 O-O 12. fxe5 Nd7 13. Bd5 Qb6 14. e6 Nf6 15. exf7+ Rxf7 16. Rxe7 Nxd5 17. Nxd5 Qd6 18. Rxf7 Kxf7 19. Qf3+ Kg8 20. Bf4 Qf8 21. Re1 Bd7 22. Ne7+ Kh7 23. Qe4+ 1-0


[Site "https://www.chess.com"]

[Event "Titled Tuesday Blitz February 21 Late 2023"]
[White "Pinheiro, Iung Alicio de O."]
[Black "Kovalevsky, Stanislav"]
[WhiteFideId "2104350"]
[BlackFideId "13508598"]
[WhiteElo "2306"]
[BlackElo "2237"]
[Result "0-1"]
[Round "08"]
[TimeControl "180+2"]
[Date "2023.02.21"]
[WhiteClock "0:00:06"]
[BlackClock "0:00:06"]

1. c4 e6 2. g3 d5 3. Nf3 Nf6 4. Bg2 c6 5. b3 Nbd7 6. Bb2 Be7 7. O-O O-O 8. d3 b6 9. Nbd2 Bb7 10. a3 a5 11. Ra2 a4 12. b4 c5 13. bxc5 Nxc5 14. Ne5 dxc4 15. Bxb7 Nxb7 16. Ndxc4 b5 17. Nd2 Bc5 18. Ndf3 Qd5 19. Ra1 Rfc8 20. e4 Qd8 21. Qe2 b4 22. d4 bxa3 23. Bxa3 Bxa3 24. Rxa3 Nd6 25. Nd2 Qb6 26. Qd3 Qa6 27. Qe3 Nb5 28. Rd3 a3 29. Ndc4 a2 30. Ra1 Nd6 31. Nxd6 Qxd6 32. Rd2 Qb4 33. Rdd1 Rc2 34. Nd3 Qc3 35. Nc5 g6 36. Qxc3 Rxc3 37. Rd2 Rca3 38. f3 Kf8 39. Rb2 Ke7 40. Kf2 Nd7 41. Nxd7 Kxd7 42. Ke2 R8a7 43. Kd2 Rxf3 44. Ke2 Rfa3 45. Kd2 Kd6 46. Kc2 e5 47. d5 Kc5 48. Rb8 Kd4 49. Rb4+ Ke3 50. Rb8 Kxe4 51. Kb2 Rd3 52. Re1+ Kxd5 53. Ka1 e4 54. Rd8+ Kc4 55. Rc8+ Kd4 56. Rd8+ Kc3 57. Rc8+ Kd2 58. Rcc1 e3 59. Rcd1+ Kc3 60. Rc1+ Kd4 61. Rc8 Rd7 62. Rec1 e2 63. R8c4+ Ke3 64. Rc5 Rd1 65. Kb2 Rxc1 66. Rxc1 Rd1 67. Rc3+ Kf2 68. Rc2 a1=Q+ 69. Kb3 Rb1+ 70. Kc4 Rc1 71. Kd3 Rxc2 72. Kxc2 e1=Q 73. Kd3 Qac3# 0-1


[Site "https://www.chess.com"]

[Event "Titled Tuesday Blitz February 21 Late 2023"]
[White "Ruiz Aguilar, Pablo Alexander"]
[Black "Hirneise, Jens"]
[WhiteFideId "4401352"]
[BlackFideId "24614734"]
[WhiteElo "2161"]
[BlackElo "2277"]
[Result "0-1"]
[Round "08"]
[TimeControl "180+2"]
[Date "2023.02.21"]
[WhiteClock "0:00:03"]
[BlackClock "0:01:18"]

1. e4 c5 2. Nf3 Nf6 3. Nc3 d5 4. exd5 Nxd5 5. Bb5+ Nc6 6. O-O Nc7 7. Bxc6+ bxc6 8. Re1 Ne6 9. h3 g6 10. Ne5 Bg7 11. d3 Qc7 12. Qf3 Bxe5 13. Rxe5 O-O 14. Bf4 Nxf4 15. Qxf4 f6 16. Qc4+ Kg7 17. Rxc5 Bd7 18. Nd5 Qd6 19. Nb4 a5 20. Nxc6 Rfc8 21. Re1 Rxc6 22. Rxc6 Bxc6 23. Qc3 Bd5 24. b3 Bf7 25. a4 e5 26. Re4 Ra7 27. Qd2 g5 28. Rg4 h6 29. h4 Be6 30. Rg3 Qd4 31. hxg5 hxg5 32. Re3 Kg6 33. Re4 Qa1+ 34. Kh2 Rh7+ 35. Kg3 Qh1 36. Kf3 Rh2 0-1


[Site "https://www.chess.com"]

[Event "Titled Tuesday Blitz February 21 Late 2023"]
[White "Jenkins, Drake"]
[Black "reevecanada"]
[WhiteFideId "2022397"]
[WhiteElo "2130"]
[BlackElo "2441"]
[Result "1-0"]
[Round "08"]
[TimeControl "180+2"]
[Date "2023.02.21"]
[WhiteClock "0:00:04"]
[BlackClock "0:00:23"]

1. Nf3 c5 2. c4 Nf6 3. d4 cxd4 4. Nxd4 g6 5. Nc3 Bg7 6. g3 O-O 7. Bg2 d6 8. O-O Nbd7 9. b3 a6 10. Bb2 Qc7 11. Rc1 e6 12. Qd2 Rb8 13. Rfd1 Rd8 14. Nf3 Nc5 15. Ng5 b6 16. Nce4 Nfxe4 17. Nxe4 Bb7 18. Bxg7 Kxg7 19. Nxd6 Bxg2 20. Kxg2 e5 21. Qe3 f6 22. Ne4 Qc6 23. f3 Ne6 24. h4 Nd4 25. h5 f5 26. h6+ Kg8 27. Nc3 Qe6 28. Nd5 b5 29. Rxd4 bxc4 30. bxc4 Qd6 31. Rd2 Kf7 32. Rcc2 Qe6 33. Rb2 Rbc8 34. Rb7+ Kg8 35. Ne7+ Kh8 36. Nxc8 Rxc8 37. Rdd7 Kg8 38. Rg7+ Kf8 39. Rxh7 Qf6 40. c5 f4 41. gxf4 exf4 42. Qxf4 Ke8 43. Qxf6 Rc7 44. Rh8+ Kd7 45. Rxc7+ Kxc7 46. Rh7+ Kc8 47. Qh8# 1-0


[Site "https://www.chess.com"]

[Event "Titled Tuesday Blitz February 21 Late 2023"]
[White "CheckBits"]
[Black "rikchessmx"]
[WhiteElo "2452"]
[BlackElo "2290"]
[Result "1-0"]
[Round "08"]
[TimeControl "180+2"]
[Date "2023.02.21"]
[WhiteClock "0:00:43"]
[BlackClock "0:00:31"]

1. d4 Nf6 2. Nf3 e6 3. Bf4 Bd6 4. Bg3 O-O 5. e3 b6 6. Bd3 Bb7 7. Nbd2 Qe7 8. c4 Bb4 9. O-O Bxd2 10. Nxd2 d6 11. b4 a6 12. Qc2 e5 13. Bh4 h6 14. Ne4 Bxe4 15. Bxe4 Ra7 16. Bf3 Nbd7 17. Rfc1 a5 18. b5 g5 19. Bg3 e4 20. Be2 h5 21. h4 g4 22. Rab1 Re8 23. Rb3 Nh7 24. Rc3 Nhf8 25. c5 bxc5 26. dxc5 Nxc5 27. Rxc5 dxc5 28. Qxc5 Qxc5 29. Rxc5 Ne6 30. Rxh5 Ng7 31. Rg5 f5 32. Rg6 Kf7 33. Rc6 Ne6 34. Bc4 a4 35. h5 Re7 36. h6 Ra8 37. Be5 Rb8 38. h7 f4 39. exf4 e3 40. fxe3 g3 41. h8=Q 1-0


[Site "https://www.chess.com"]

[Event "Titled Tuesday Blitz February 21 Late 2023"]
[White "Ward, Ieuan C"]
[Black "sissahungrychess"]
[WhiteFideId "406627"]
[WhiteElo "2028"]
[BlackElo "2453"]
[Result "1-0"]
[Round "08"]
[TimeControl "180+2"]
[Date "2023.02.21"]
[WhiteClock "0:00:15"]
[BlackClock "0:00:01"]

1. d4 Nf6 2. c4 e6 3. Nf3 d5 4. Nc3 Be7 5. Bg5 O-O 6. e3 a6 7. cxd5 exd5 8. Bxf6 Bxf6 9. Bd3 c6 10. O-O Nd7 11. b4 Re8 12. Rc1 Be7 13. Qb3 Bd6 14. a4 Nf6 15. h3 Ne4 16. b5 Nxc3 17. Qxc3 cxb5 18. axb5 a5 19. Bb1 Bd7 20. Qd3 g6 21. Rc5 Bxc5 22. dxc5 Bf5 23. Qc3 Be4 24. Bxe4 dxe4 25. Nd4 a4 26. c6 bxc6 27. bxc6 Qa5 28. Qa3 Reb8 29. Rc1 Qc7 30. g3 Qb6 31. Kg2 h5 32. c7 Rc8 33. Qe7 a3 34. Rc6 Qb2 35. Rf6 1-0


[Site "https://www.chess.com"]

[Event "Titled Tuesday Blitz February 21 Late 2023"]
[White "Clawitter, Craig"]
[Black "Chernomordik, Pavel"]
[WhiteFideId "2023105"]
[BlackFideId "2804530"]
[WhiteElo "2050"]
[BlackElo "2150"]
[Result "0-1"]
[Round "08"]
[TimeControl "180+2"]
[Date "2023.02.21"]
[WhiteClock "0:00:23"]
[BlackClock "0:00:27"]

1. e4 g6 2. d4 Bg7 3. Nc3 d6 4. Be3 a6 5. Qd2 b5 6. Bd3 Nd7 7. Nf3 c5 8. O-O Bb7 9. a3 Qc7 10. Rae1 c4 11. Be2 Ngf6 12. d5 Nc5 13. Bh6 Ncxe4 14. Nxe4 Nxe4 15. Qc1 Bxh6 16. Qxh6 Bxd5 17. Nd4 O-O-O 18. Bf3 f5 19. Bxe4 fxe4 20. f3 exf3 21. Ne6 Bxe6 22. Rxe6 Qc5+ 23. Re3 fxg2 24. Rf2 e5 25. Rf7 Rhe8 26. Kxg2 Qd5+ 27. Ref3 e4 28. R3f6 e3+ 29. Rf3 e2 30. Qxh7 e1=Q 31. Rc7+ Kb8 0-1


[Site "https://www.chess.com"]

[Event "Titled Tuesday Blitz February 21 Late 2023"]
[White "Miszler, Levente"]
[Black "De Souza, Cristiano Gomes"]
[WhiteFideId "763276"]
[BlackFideId "2151758"]
[WhiteElo "2271"]
[BlackElo "2018"]
[Result "1-0"]
[Round "08"]
[TimeControl "180+2"]
[Date "2023.02.21"]
[WhiteClock "0:00:30"]
[BlackClock "0:00:05"]

1. Nf3 Nf6 2. c4 g6 3. g3 Bg7 4. Bg2 O-O 5. O-O d6 6. Nc3 c5 7. d3 Nc6 8. a3 Ne8 9. Rb1 Nc7 10. Bd2 Ne6 11. b4 cxb4 12. axb4 Ned4 13. b5 Nxf3+ 14. Bxf3 Nd4 15. Bg2 Ne6 16. Nd5 Nc5 17. b6 axb6 18. Nxb6 Ra6 19. Nxc8 Qxc8 20. Be3 b6 21. Qc2 Qc7 22. Rfc1 Rb8 23. Rb5 Ra5 24. Rcb1 Rxb5 25. Rxb5 e5 26. Qb1 Bf8 27. Bd2 Be7 28. Bd5 Bd8 29. Qa2 Ne6 30. Be3 Nd4 31. Bxd4 exd4 32. Qa1 Bf6 33. e3 Qe7 34. exd4 Kg7 35. Be4 h5 36. h4 Qd7 37. Kg2 Qc7 38. Rd5 Re8 39. Qa3 Re6 40. Qa8 Qe7 41. Kf3 Bxh4 42. gxh4 Qxh4 43. Qa2 Qg4+ 44. Ke3 f5 45. Qa7+ Kh6 46. Qb8 Qh3+ 47. Kd2 Qh2 48. Qh8+ Kg5 49. Qg8 Qxf2+ 50. Kc3 Qe1+ 51. Kb2 Qd2+ 52. Kb3 Rxe4 53. dxe4 Qd3+ 54. Kb4 Qb1+ 55. Ka4 1-0


[Site "https://www.chess.com"]

[Event "Titled Tuesday Blitz February 21 Late 2023"]
[White "Adewumi, Tanitoluwa"]
[Black "Fernandez Garcia, Gumersindo"]
[WhiteFideId "30966396"]
[BlackFideId "24516740"]
[WhiteElo "2283"]
[BlackElo "2160"]
[Result "1-0"]
[Round "08"]
[TimeControl "180+2"]
[Date "2023.02.21"]
[WhiteClock "0:02:04"]
[BlackClock "0:01:09"]

1. e4 d6 2. d4 Nf6 3. Nc3 e5 4. Nf3 Nbd7 5. Bc4 Be7 6. O-O O-O 7. Re1 c6 8. a4 h6 9. Ba2 Qc7 10. h3 a5 11. Be3 Rd8 12. Qe2 Nf8 13. Rad1 Ng6 14. dxe5 dxe5 15. Rxd8+ Bxd8 16. Rd1 Be7 17. Nd2 Nf4 18. Bxf4 exf4 19. e5 Nd5 20. Bxd5 cxd5 21. Nxd5 Qd8 22. Ne4 Qf8 23. Nd6 Bxd6 24. exd6 Qxd6 25. Ne7+ 1-0


[Site "https://www.chess.com"]

[Event "Titled Tuesday Blitz February 21 Late 2023"]
[White "Eckert, Doug"]
[Black "Curtis, John"]
[WhiteFideId "2001993"]
[BlackFideId "3200256"]
[WhiteElo "2075"]
[BlackElo "2292"]
[Result "0-1"]
[Round "08"]
[TimeControl "180+2"]
[Date "2023.02.21"]
[WhiteClock "0:00:15"]
[BlackClock "0:01:24"]

1. d4 Nf6 2. c4 g6 3. Nc3 d6 4. e4 Bg7 5. h3 O-O 6. Be3 Nc6 7. d5 Ne5 8. f4 Ned7 9. Nf3 c6 10. Bd3 a5 11. O-O Qc7 12. Rc1 Re8 13. Qd2 e6 14. Bb1 exd5 15. cxd5 a4 16. dxc6 bxc6 17. Nb5 Qb8 18. Nxd6 Re6 19. e5 Nd5 20. Ng5 Nxe3 21. Nxe6 Nxf1 22. Rxf1 fxe6 23. a3 Ba6 24. Rc1 Nxe5 25. fxe5 Bxe5 26. Ne4 Qxb2 27. Qxb2 Bxb2 28. Rxc6 Bxa3 29. Ng5 Be7 30. Nxe6 Bb5 31. Rc7 Bd6 32. Rb7 Bc4 33. Nd4 a3 0-1


[Site "https://www.chess.com"]

[Event "Titled Tuesday Blitz February 21 Late 2023"]
[White "Huang, Alex"]
[Black "Novikov, Evgenij"]
[WhiteFideId "4302508"]
[BlackFideId "4125380"]
[WhiteElo "2009"]
[BlackElo "2276"]
[Result "0-1"]
[Round "08"]
[TimeControl "180+2"]
[Date "2023.02.21"]
[WhiteClock "0:00:03"]
[BlackClock "0:00:05"]

1. d4 d5 2. Bf4 c5 3. e3 Nc6 4. c3 Nf6 5. Nd2 Qb6 6. Qb3 c4 7. Qc2 g6 8. Ngf3 Bf5 9. Qc1 Qd8 10. Be2 Bg7 11. Nh4 Be6 12. O-O h6 13. Nhf3 O-O 14. h3 b5 15. Ne5 Qb6 16. Bf3 Nxe5 17. Bxe5 Rfd8 18. e4 dxe4 19. Nxe4 Nxe4 20. Bxg7 Kxg7 21. Bxe4 Rab8 22. a3 a5 23. Qe3 Rd6 24. Rfd1 Rbd8 25. Rd2 Qc7 26. Qg3 R6d7 27. Qxc7 Rxc7 28. Re1 Bd5 29. Bxd5 Rxd5 30. Re4 Kf6 31. f4 e6 32. Kf2 b4 33. axb4 axb4 34. g4 Rb7 35. Rc2 Ra5 36. Re5 Ra2 37. g5+ hxg5 38. fxg5+ Ke7 39. cxb4 Rxb4 40. Rc5 Rbxb2 41. Rxb2 Rxb2+ 42. Ke3 Rc2 43. Rc7+ Kf8 44. Rc5 Ke7 45. Rc7+ Ke8 46. Rc5 Rh2 47. Rxc4 Rxh3+ 48. Kf4 Rh1 49. Rc7 Rf1+ 50. Kg4 Rf5 51. Ra7 Kd8 52. Kh4 Ke8 53. Kg4 Kf8 54. Rb7 Rd5 55. Rb4 Ke7 56. Kf4 Kd6 57. Rb6+ Kc7 58. Rb4 Kc6 59. Kg4 Rf5 60. Ra4 Kd5 61. Rb4 Ke4 62. Ra4 Ke3 63. Rb4 Rf4+ 64. Kg3 Rxd4 65. Rb7 Rd5 66. Rxf7 Rxg5+ 67. Kh4 Rh5+ 68. Kg4 Rf5 69. Re7 Re5 70. Rg7 g5 71. Kg3 Ke4 72. Rg8 Rf5 73. Kg4 e5 74. Rb8 Rf4+ 75. Kg3 Rf1 76. Rb4+ Kf5 77. Kg2 Rf4 78. Rb8 g4 79. Rf8+ Ke4 80. Rc8 Rf3 81. Rc4+ Kf5 82. Rc5 Kf4 83. Rc4+ e4 84. Ra4 g3 85. Rb4 Rf2+ 86. Kg1 Kf3 87. Rb3+ e3 88. Ra3 Rc2 0-1


[Site "https://www.chess.com"]

[Event "Titled Tuesday Blitz February 21 Late 2023"]
[White "Karwowski, Kacper"]
[Black "Stanisz, Patryk"]
[WhiteFideId "1126032"]
[BlackFideId "1123106"]
[WhiteElo "2164"]
[BlackElo "2161"]
[Result "0-1"]
[Round "08"]
[TimeControl "180+2"]
[Date "2023.02.21"]
[WhiteClock "0:00:01"]
[BlackClock "0:00:10"]

1. e4 c5 2. Nf3 Nc6 3. Bb5 g6 4. Bxc6 dxc6 5. d3 Bg7 6. O-O Nf6 7. Nbd2 Nd7 8. Rb1 e5 9. Nc4 Qe7 10. Bg5 f6 11. Be3 Nf8 12. a3 b5 13. Na5 Bd7 14. b4 Ne6 15. c3 O-O 16. Qc2 f5 17. exf5 gxf5 18. Rfe1 Kh8 19. Nb3 cxb4 20. axb4 f4 21. Bc5 Nxc5 22. Nxc5 Bg4 23. Nd2 f3 24. g3 Qf7 25. h4 a5 26. Nde4 axb4 27. cxb4 Ra2 28. Rb2 Rfa8 29. Reb1 Bc8 30. Qd1 Rxb2 31. Rxb2 Qf5 32. Qf1 Bf8 33. Rd2 Be7 34. Rc2 Be6 35. Kh2 Bxh4 36. gxh4 Rg8 37. Ng3 Qg4 38. h5 Qh4+ 39. Kg1 Bh3 40. Qe1 Bg2 41. Qxe5+ Rg7 0-1


[Site "https://www.chess.com"]

[Event "Titled Tuesday Blitz February 21 Late 2023"]
[White "Leonte, Sebastian-Marian"]
[Black "ArturoCaceres"]
[WhiteFideId "1268767"]
[WhiteElo "1279"]
[BlackElo "2405"]
[Result "1-0"]
[Round "08"]
[TimeControl "180+2"]
[Date "2023.02.21"]
[WhiteClock "0:00:03"]
[BlackClock "0:00:03"]

1. e4 d5 2. exd5 Nf6 3. Nf3 c6 4. dxc6 Nxc6 5. Nc3 Bf5 6. Bc4 e5 7. O-O Bd6 8. d3 O-O 9. Bg5 h6 10. Bh4 Bb8 11. Nd5 g5 12. Nxf6+ Qxf6 13. Bg3 Bg4 14. h3 Bh5 15. Bd5 Bc7 16. c3 Rad8 17. Be4 Bb6 18. Qc2 Rc8 19. Bxc6 Qxc6 20. Nxe5 Qd5 21. Qb3 Qa5 22. Nc4 Qf5 23. Nd6 Qxd3 24. Nxc8 Rxc8 25. Kh2 Be2 26. Rfe1 Re8 27. Rac1 h5 28. Qc2 Qxc2 29. Rxc2 Bb5 30. Rxe8+ Bxe8 31. Be5 Bc6 32. Bd4 Bc7+ 33. Kg1 a6 34. Re2 Bd6 35. b3 Kh7 36. c4 Kg6 37. c5 Bf4 38. g3 Bb8 39. Be5 Ba7 40. Bd6 a5 41. Re7 h4 42. gxh4 gxh4 43. a3 Bd5 44. b4 axb4 45. axb4 Bc6 46. Rc7 Bb8 47. Re7 Bxd6 48. cxd6 Kf6 49. Rc7 Ke6 50. d7 Bxd7 51. Rxb7 Kd6 52. Rb6+ Kd5 53. Rh6 Bxh3 54. Rxh4 Be6 55. Kh2 Kc6 56. Kg3 Kb5 57. Rd4 Bc4 58. Kf4 Kxb4 59. Ke5 Kc5 60. Rxc4+ Kxc4 61. f4 Kd3 62. f5 Ke3 63. f6 Kf3 64. Kd6 Kf4 65. Ke7 1-0


[Site "https://www.chess.com"]

[Event "Titled Tuesday Blitz February 21 Late 2023"]
[White "Kujawski, Adam"]
[Black "Simonovic, Miroslav"]
[WhiteFideId "1100920"]
[BlackFideId "919152"]
[WhiteElo "2173"]
[BlackElo "2082"]
[Result "1/2-1/2"]
[Round "08"]
[TimeControl "180+2"]
[Date "2023.02.21"]
[WhiteClock "0:00:10"]
[BlackClock "0:00:18"]

1. e4 c5 2. Nf3 Nc6 3. Nc3 e5 4. Bc4 g6 5. d3 h6 6. Nd2 Bg7 7. Nf1 d6 8. Ne3 Nge7 9. Ncd5 O-O 10. g4 Nxd5 11. Nxd5 Qh4 12. h3 Ne7 13. Nxe7+ Qxe7 14. Bd2 Be6 15. Qe2 Rab8 16. a4 Rfd8 17. O-O d5 18. exd5 Bxd5 19. Bxd5 Rxd5 20. f4 Rbd8 21. Bc3 Qd6 22. f5 g5 23. Qe4 f6 24. Rae1 Qa6 25. b3 Bf8 26. Kg2 Kf7 27. Rf3 Qc6 28. Rh1 R5d6 29. Qxc6 Rxc6 30. Re3 Re8 31. Re4 a6 32. h4 b5 33. axb5 axb5 34. Re3 b4 35. Bd2 Ra8 36. hxg5 hxg5 37. Reh3 Bg7 38. Rh7 Kg8 39. R7h2 Ra2 40. Rc1 Rd6 41. Kf3 Rd4 42. Be3 Rd6 43. Bxc5 Rc6 44. Bxb4 Bf8 45. Bxf8 Kxf8 46. Rh8+ Kg7 47. Rh2 Rc3 48. Rd2 Rxb3 49. cxb3 Rxd2 50. Ke3 Rb2 51. Rc3 Rg2 52. b4 Rxg4 53. Rb3 Rd4 54. b5 Rd7 55. b6 Rb7 56. Ke4 Kh6 57. Kd5 g4 58. Kc6 Rb8 59. d4 exd4 60. Kc7 Rf8 61. b7 Kg5 62. b8=Q Rxb8 63. Kxb8 Kxf5 64. Kc7 Ke4 65. Kd6 d3 66. Rb4+ Kf3 67. Kd5 d2 68. Rd4 Ke2 69. Re4+ Kf2 70. Rd4 Ke1 71. Re4+ Kf2 72. Rd4 Ke3 73. Re4+ Kd3 74. Rd4+ Kc2 75. Rc4+ Kb1 76. Rd4 Kc1 77. Rc4+ Kb2 78. Rd4 Kc2 79. Rc4+ Kb1 80. Rd4 Kc1 81. Rc4+ Kb2 82. Rd4 Kc2 1/2-1/2


[Site "https://www.chess.com"]

[Event "Titled Tuesday Blitz February 21 Late 2023"]
[White "Rian, Kapriaga"]
[Black "Sabar, Ethmane Daouda"]
[WhiteFideId "7103263"]
[BlackFideId "19600097"]
[WhiteElo "2089"]
[BlackElo "2040"]
[Result "1-0"]
[Round "08"]
[TimeControl "180+2"]
[Date "2023.02.21"]
[WhiteClock "0:00:35"]
[BlackClock "0:00:10"]

1. d4 d5 2. Nf3 e6 3. Bg5 Nf6 4. e3 c6 5. Nbd2 Be7 6. Bd3 O-O 7. O-O h6 8. Bh4 Nbd7 9. Qe2 Qc7 10. c3 e5 11. dxe5 Nxe5 12. Bg3 Nxf3+ 13. Qxf3 Bd6 14. Bxd6 Qxd6 15. h3 Re8 16. Rfd1 Qe5 17. Re1 Ne4 18. Rad1 Bf5 19. Bxe4 Bxe4 20. Nxe4 Qxe4 21. Qxe4 Rxe4 22. Rd4 Rae8 23. Rxe4 Rxe4 24. Rd1 f5 25. g3 Kf7 26. h4 g5 27. hxg5 hxg5 28. Rd4 Ke6 29. Kf1 c5 30. Rd1 Ke5 31. Kg2 f4 32. exf4+ gxf4 33. g4 d4 34. Kf3 dxc3 35. bxc3 Rc4 36. Rd3 b5 37. g5 Kf5 38. Rd5+ Kg6 39. Kg4 Rxc3 40. Rd6+ Kf7 41. Kxf4 Rc2 42. f3 c4 43. Kf5 Rxa2 44. Rd7+ Ke8 45. Rb7 Ra6 46. g6 Rc6 47. g7 Rc5+ 48. Kf4 1-0


[Site "https://www.chess.com"]

[Event "Titled Tuesday Blitz February 21 Late 2023"]
[White "Adel, Sara"]
[Black "Sarkar, Justin"]
[WhiteFideId "10616764"]
[BlackFideId "2010011"]
[WhiteElo "1739"]
[BlackElo "2309"]
[Result "0-1"]
[Round "08"]
[TimeControl "180+2"]
[Date "2023.02.21"]
[WhiteClock "0:00:27"]
[BlackClock "0:00:25"]

1. e4 c5 2. Nf3 Nc6 3. d4 cxd4 4. Nxd4 g6 5. c3 Bg7 6. Bb5 Nf6 7. f3 O-O 8. Bxc6 dxc6 9. O-O e5 10. Nc2 Qxd1 11. Rxd1 Be6 12. Be3 Rfd8 13. Nba3 b6 14. Bf2 Rxd1+ 15. Rxd1 Bxa2 16. Nb4 Bb3 17. Rd6 c5 18. Nc6 Ne8 19. Rd7 Ba4 20. Rxa7 Bxc6 21. Rxa8 Bxa8 22. Nc4 b5 23. Nb6 Bc6 24. Bxc5 f5 25. exf5 gxf5 26. Nc8 Kf7 27. Kf2 Ke6 28. b4 e4 29. Na7 Bd7 30. fxe4 fxe4 31. Ke3 Kd5 32. g3 Bxc3 33. Kf4 Nd6 34. g4 Nc8 35. Nxc8 Bxc8 36. h3 Bd4 37. Bf8 e3 38. Kf3 Kc4 39. h4 Kd3 0-1


[Site "https://www.chess.com"]

[Event "Titled Tuesday Blitz February 21 Late 2023"]
[White "Koziol, Kamil"]
[Black "Michalski, Olaf"]
[WhiteFideId "1161555"]
[BlackFideId "1106740"]
[WhiteElo "2286"]
[BlackElo "2273"]
[Result "1-0"]
[Round "08"]
[TimeControl "180+2"]
[Date "2023.02.21"]
[WhiteClock "0:00:41"]
[BlackClock "0:00:15"]

1. e4 c5 2. Nf3 a6 3. Nc3 b5 4. d4 e6 5. a3 Bb7 6. Bg5 f6 7. Be3 b4 8. axb4 cxb4 9. Na4 Bxe4 10. Bd3 Bxd3 11. Qxd3 d5 12. O-O Nc6 13. c4 Nge7 14. Nc5 dxc4 15. Qxc4 Qd5 16. Qd3 Nf5 17. Nxa6 Bd6 18. Nc7+ Bxc7 19. Rxa8+ Bd8 20. Rc1 O-O 21. Qc4 Qxc4 22. Rxc4 Nfe7 23. Bd2 Ba5 24. Ra6 1-0


[Site "https://www.chess.com"]

[Event "Titled Tuesday Blitz February 21 Late 2023"]
[White "Skaric, Djuro"]
[Black "Chemin, Justo Reinaldo"]
[WhiteFideId "934569"]
[BlackFideId "2101580"]
[WhiteElo "2334"]
[BlackElo "2040"]
[Result "0-1"]
[Round "08"]
[TimeControl "180+2"]
[Date "2023.02.21"]
[WhiteClock "0:00:54"]
[BlackClock "0:00:04"]

1. g3 d5 2. Bg2 c6 3. d3 g6 4. Nf3 Bg7 5. O-O e5 6. Nc3 Ne7 7. e4 d4 8. Ne2 O-O 9. Ne1 f5 10. f4 fxe4 11. dxe4 c5 12. Nd3 exf4 13. gxf4 c4 14. Nf2 Nbc6 15. Ng3 Qb6 16. Kh1 a5 17. e5 Nf5 18. Nfe4 Ne3 19. Bxe3 dxe3 20. Nd6 Be6 21. Bd5 Bxd5+ 22. Qxd5+ Kh8 23. Nxc4 Qd4 24. Qxd4 Nxd4 25. Nxe3 g5 26. fxg5 Bxe5 27. c3 Nf3 28. Nef5 Nxg5 29. Rae1 Bxg3 30. hxg3 Rae8 31. g4 Rxe1 32. Rxe1 h5 33. Ne3 Rf2 34. Kg1 Nh3+ 35. Kh1 Ng5 36. Rb1 Nf3 37. Ng2 h4 38. Nxh4 Rh2# 0-1


[Site "https://www.chess.com"]

[Event "Titled Tuesday Blitz February 21 Late 2023"]
[White "Avgoustopoulos, Christian"]
[Black "Delgado Rosas, Fatima Alexandra"]
[WhiteFideId "2122294"]
[BlackFideId "6603963"]
[WhiteElo "1969"]
[BlackElo "1500"]
[Result "1-0"]
[Round "08"]
[TimeControl "180+2"]
[Date "2023.02.21"]
[WhiteClock "0:00:40"]
[BlackClock "0:01:41"]

1. e4 Nc6 2. Nf3 d5 3. exd5 Qxd5 4. d4 Bg4 5. Be2 Nf6 6. c4 Qh5 7. Be3 O-O-O 8. d5 e6 9. Nc3 exd5 10. cxd5 Bb4 11. O-O Bxc3 12. bxc3 Nxd5 13. Qa4 Nxe3 14. fxe3 Bxf3 15. Bxf3 Qc5 16. Bxc6 bxc6 17. Rab1 Qxe3+ 18. Kh1 Rd6 19. Rxf7 Qe6 20. Rbf1 Re8 21. Qxa7 Re7 22. Rf8+ Kd7 23. Qa8 Re8 24. R1f7+ Qxf7 25. Rxf7+ Re7 26. Rxe7+ Kxe7 27. h3 Rd1+ 28. Kh2 1-0


[Site "https://www.chess.com"]